 Dungeon Crawl Stone Soup version 0.31-a0-828-gb7646bb5e3 (webtiles) character file.

Game seed: 6609414528040917795

119588 Conn the Thaumaturge (level 16, -1/118 HPs)
             Began as an Octopode Fire Elementalist on Sept 24, 2023.
             Was a High Priest of Sif Muna.
             Slain by a wolf spider (17 damage)
             ... on level 2 of the Spider Nest.
             The game lasted 02:12:44 (30296 turns).

Conn the Thaumaturge (Octopode Fire Elementalist)  Turns: 30296, Time: 02:12:45

Health: -1/118     AC:  1    Str:  5 (7)  XL:     16   Next: 80%
Magic:  22/32      EV: 19    Int: 24      God:    Sif Muna [*****.]
Gold:   739        SH:  0    Dex: 19 (20) Spells: 2/40 levels left

rFire   + . .        b - staff of poison
rCold   + . .        (no shield)
rNeg    . . .        (helmet restricted)
rPois   +            m - amulet of magic regeneration
rElec   .            u - ring of fire
rCorr   .            s - ring of protection from fire
SInv    .            y - +6 ring of dexterity
Will    +....        z - ring of protection from cold
Stlth   ++++         (no ring)
HPRegen 1.19/turn    U - ring of ice
MPRegen 0.63/turn    (no ring)
                     (no ring)

%: no passive effects
@: slowed, very slow
A: almost no armour, amphibious, 8 rings, camouflage 1, gelatinous body 1,
(nimble swimmer 1), tentacles, regeneration 1, robust 1
a: Renounce Religion, Channel Magic, Forget Spell, Divine Exegesis


You were on level 2 of the Spider Nest.
You worshipped Sif Muna.
Sif Muna was extremely pleased with you.
You visited 6 branches of the dungeon, and saw 27 of its levels.
You also visited: Bailey.

You collected 2654 gold pieces.
You spent 1915 gold pieces at shops.

Inventory:

Hand Weapons
 K - the +5 Force Lance {heavy, knockback}
   (You found it on level 1 of the Lair of Beasts)
 T - the +9 long sword of the Sky {heavy, Will+ rCorr Str+3 Int-2}
   (You found it on level 5 of the Lair of Beasts)

   Str+3:     It affects your strength (+3).
   Int-2:     It affects your intelligence (-2).
   Will+:     It increases your willpower.
   rCorr:     It protects you from acid and corrosion.
 Y - the +8 sling of a Thousand Allies {elec, *Slow rC+ Dex+4}
   (You found it on level 12 of the Dungeon)

   Dex+4:     It affects your dexterity (+4).
   rC+:       It protects you from cold.
   *Slow:     It may slow you when you take damage.
Missiles
 N - 3 curare-tipped darts (quivered)
Armour
 F - a +0 tower shield
Magical Staves
 b - a staff of poison (weapon)
 f - a staff of air
 D - a staff of cold
 I - a staff of fire
Jewellery
 g - an amulet of guardian spirit
 m - an amulet of magic regeneration (around mantle)
 r - an amulet of faith
 s - a ring of protection from fire (right tentacle)
 u - a ring of fire (left tentacle)
 y - a +6 ring of dexterity (on tentacle)
 z - a ring of protection from cold (on tentacle)
 H - the ring "Kaunwil" {Ice rPois Str+3 Int-4}
   (You found it on level 8 of the Dungeon)

   [ring of ice]

   Ice:       It enhances your ice magic.
   Str+3:     It affects your strength (+3).
   Int-4:     It affects your intelligence (-4).
   rF-:       It makes you vulnerable to fire.
   rC+:       It protects you from cold.
   rPois:     It protects you from poison
 U - a ring of ice (on tentacle)
 X - an amulet of the acrobat
Wands
 a - a wand of roots (5)
 e - a wand of digging (4)
 q - a wand of mindburst (9)
 t - a wand of light (8)
 C - a wand of polymorph (15)
 J - a wand of paralysis (22)
Scrolls
 c - 3 scrolls of silence
 d - 3 scrolls of noise
 h - 5 scrolls of immolation
 i - 4 scrolls of enchant armour
 v - 3 scrolls of amnesia
 w - 5 scrolls of teleportation
 x - 4 scrolls of poison
 E - 10 scrolls of identify
 G - a scroll of vulnerability
 O - 3 scrolls of torment
 P - a scroll of fear
 Q - a scroll of revelation
 V - a scroll of summoning
 Z - 2 scrolls of fog
Potions
 j - 6 potions of curing
 k - a potion of brilliance
 l - a potion of haste
 n - a potion of berserk rage
 o - a potion of heal wounds
 p - 4 potions of invisibility
 A - 4 potions of mutation
 B - 2 potions of resistance
 L - 6 potions of attraction
 M - 2 potions of lignification
 R - 4 potions of might
 S - 2 potions of enlightenment
 W - a potion of cancellation


   Skills:
 + Level 9.1 Fighting
 - Level 5.0 Staves
 - Level 9.6 Dodging
 - Level 4.1 Stealth
 - Level 3.6 Shields
 * Level 12.8 Spellcasting
 * Level 11.8 Conjurations
 - Level 5.0 Hexes
 - Level 3.0 Summonings
 * Level 11.6 Fire Magic
 - Level 7.0 Ice Magic
 - Level 7.0 Air Magic
 - Level 3.0 Poison Magic
 - Level 12.0 Invocations


You had 2 spell levels left.
You knew the following spells:

 Your Spells              Type           Power      Damage    Failure   Level
a - Foxfire               Conj/Fire      100%       2x1d9     1%          1
b - Scorch                Fire           100%       2d9       1%          2
c - Inner Flame           Hex/Fire       70%        N/A       1%          3
d - Flame Wave            Conj/Fire      82%        2d18      1%          4
e - Mephitic Cloud        Conj/Pois/Air  66%        N/A       1%          3
f - Ozocubu's Armour      Ice            65%        N/A       1%          3
g - Call Canine Familiar  Summ           29%        N/A       3%          3
h - Starburst             Conj/Fire      41%        6d12      4%          6
i - Freezing Cloud        Conj/Ice/Air   35%        6-21      3%          5
j - Hailstorm             Conj/Ice       74%        3d15      1%          3
k - Fireball              Conj/Fire      41%        3d17      1%          5

Your spell library contained the following spells:

 Spells                   Type           Power      Damage    Failure   Level
 Call Imp                 Summ           58%        N/A       1%          2
 Cigotuvi's Dreadful Rot  Necr/Pois/Air  94%        N/A       1%          2
 Poisonous Vapours        Pois/Air       100%       N/A       1%          2
 Static Discharge         Conj/Air       100%       2-7/arc   1%          2
 Sting                    Tmut/Pois      100%       1d8       2%          1
 Apportation              Tloc           30%        N/A       4%          1
 Necrotise                Necr           60%        1d7       4%          1
 Lesser Beckoning         Tloc           30%        N/A       6%          2
 Dazzling Flash           Conj/Hex       100%       N/A       1%          3
 Ignite Poison            Fire/Tmut/Pois 72%        N/A       1%          3
 Sigil of Binding         Hex            39%        N/A       1%          3
 Swiftness                Air            49%        N/A       1%          3
 Volatile Blastmotes      Fire/Tloc      100%       2d18      1%          3
 Airstrike                Air            24%        2d(4-20)  2%          4
 Summon Ice Beast         Ice/Summ       56%        N/A       4%          4
 Summon Lightning Spire   Summ/Air       39%        N/A       4%          4
 Silence                  Hex/Air        22%        N/A       10%         5
 Gell's Gravitas          Tloc           15%        N/A       12%         3
 Teleport Other           Tloc           15%        N/A       12%         3
 Conjure Ball Lightning   Conj/Air       28%        3x3d8     13%         6
 Dimensional Bullseye     Hex/Tloc       13%        N/A       14%         4
 Leda's Liquefaction      Hex/Erth       13%        N/A       14%         4
 Animate Dead             Necr           15%        N/A       36%         4
 Dispel Undead            Necr           15%        3d10      36%         4
 Bombard                  Conj/Erth      21%        9d4       47%         6
 Summon Forest            Summ/Tloc      11%        N/A       52%         5
 Agony                    Necr           15%        N/A       73%         5
 Lee's Rapid Deconstruct  Erth           7%         3d7*      73%         5
 Summon Cactus Giant      Summ           14%        N/A       87%         6
 Ozocubu's Refrigeration  Ice            32%        4d14      88%         7
 Ignition                 Fire           41%        3d12      91%         8
 Eringya's Noxious Bog    Tmut/Pois      16%        4d6       97%         6
 Death Channel            Necr           7%         N/A       99%         6
 Dispersal                Tloc           7%         N/A       99%         6
 Haunt                    Necr/Summ      11%        N/A       100%        7
 Malign Gateway           Summ/Tloc      11%        N/A       100%        7
 Monstrous Menagerie      Summ           14%        N/A       100%        7
 Summon Hydra             Summ           14%        N/A       100%        7
 Discord                  Hex            19%        N/A       100%        8
 Disjunction              Tloc           7%         N/A       100%        8
 Infestation              Necr           7%         N/A       100%        8
 Maxwell's Capacitive Co  Air            24%        ∞         100%        8
 Summon Horrible Things   Summ           14%        N/A       100%        8
 Chain Lightning          Conj/Air       28%        3d38      100%        9
 Death's Door             Necr           7%         N/A       100%        9
 Fire Storm               Conj/Fire      41%        8d10      100%        9
 Shatter                  Erth           7%         3d10*     100%        9


Dungeon Overview and Level Annotations

Branches:
Dungeon (13/15)            Temple (1/1) D:6            Lair (5/5) D:10
  Swamp (3/4) Lair:2       Spider (3/4) Lair:2        Slime (0/5) Lair:5
    Orc (2/2) D:11            Elf (0/3) Orc:2        Bailey (visited)
 Vaults: D:13-14

Altars:
Ashenzari
Cheibriados
Dithmenos
Elyvilon
Fedhas
Gozag
Hepliaklqana
Kikubaaqudgha
Makhleb
Nemelex Xobeh
Okawaru
Qazlal
Ru
Sif Muna
Trog
Uskayaw
Vehumet
Wu Jian
Xom
Yredelemnul
Zin
The Shining One

Shops:
D:3 [   D:5 *=   D:8 *   Orc:2 (((:


Innate Abilities, Weirdness & Mutations

You cannot wear most types of armour.
You are amphibious.
You can wear up to eight rings at the same time.
Your skin changes colour to match your surroundings (Stealth+).
Your rubbery body absorbs attacks. (AC +1, EV +1)
((You are camouflaged when in or above water. (Stealth+)))
You have tentacles for arms and can constrict up to eight enemies at once.
Your natural rate of healing is unusually fast.
You are robust. (+10% HP)


Message History

You start resting.
Magic restored.
You start resting.
HP restored.
You climb downwards.
The wolf spider closely misses you. The wolf spider misses you.
The torpor snail bites you but does no damage.
Being near the torpor snail leaves you feeling lethargic.
The wolf spider barely misses you. The wolf spider misses you.
There is a stone staircase leading up, spattered with blood here.
The wolf spider hits you! The wolf spider bites you!
The torpor snail bites you! The wolf spider hits you!!
The wolf spider closely misses you.
You climb upwards.
There is a stone staircase leading down here.
Casting: Flame Wave (safe; 1% risk of failure)
Confirm with . or Enter, or press ? or * to list all spells.
Casting: Starburst (dangerous; 4% risk of failure)
Press: ? - help, Dir - look around, f - activate You feel a surge of power!
The bolt of fire misses the wolf spider.
The bolt of fire hits the torpor snail!!
The torpor snail is moderately wounded.
The wolf spider closely misses you. The wolf spider bites you!
The torpor snail completely misses you. The wolf spider hits you.
The wolf spider misses you.
Casting: Starburst (dangerous; 4% risk of failure)
Confirm with . or Enter, or press ? or * to list all spells.
Casting: Starburst (dangerous; 4% risk of failure)
Press: ? - help, Dir - look around, f - activate You feel a surge of power!
The bolt of fire hits the wolf spider!!
The wolf spider is heavily wounded.
The bolt of fire hits the torpor snail!!
The torpor snail is severely wounded.
The wolf spider hits you! The wolf spider bites you! The wolf spider hits you!!
* * * LOW HITPOINT WARNING * * *
The wolf spider misses you. The torpor snail bites you!
* * * LOW HITPOINT WARNING * * *
The wolf spider hits you!
You die...

####...##..###.....##...###..# ##
^##..^.##<####...####..:# #..###.
.......##^###...## #...####.....
..^..#####.#...## #...#........
#..### #.###.# #..####......
#..## #..##.### ##...##......
....## ##......# #...##......
.#...## ##....s^# #...^#......
..#...####..#..w@# #....#.^....
†.^....##.##...### ###....#......
.........###...# ###.#.....##....
........## ###.# #.#.##....######
.....>#.# #^.# #^.####...######
......#.# #^.###...^###...#....
........# ##^..###.....##"......
......#.####....###...##..#......
......##...^....##.##.###.#......


You could see a torpor snail and a wolf spider.

Vanquished Creatures
  Jorgrun (Orc:1)
  2 acid blobs (Lair:5)
  A thorn hunter (Swamp:2)
  The ghost of Muah the Sensei, an adept TeSh of Jiyva (Swamp:2)
  A ghost moth (Spider:2)
  3 orc warlords
  2 eleionomae (Swamp:1)
  A fire dragon (Lair:5)
  2 entropy weavers (Spider:2)
  3 hydras
  A spriggan air mage (Swamp:3)
  4 jorogumos
  6 alligators (Swamp:2)
  2 radroaches
  A ghost crab (Swamp:2)
  A catoblepas (Lair:3)
  A boulder beetle (Lair:1)
  2 death yaks (Lair:2)
  3 demonic crawlers (Spider:1)
  Urug (Lair:1)
  6 two-headed ogres
  5 orc high priests (Orc:2)
  A spriggan berserker (Swamp:2)
  2 spriggans (Swamp:1)
  Sonja (Lair:2)
  A goliath frog (Swamp:1)
  A pharaoh ant (Spider:2)
  3 skysharks
  3 swamp dragons
  3 orb spiders
  3 bog bodies
  4 steelbarb worms
  8 orc knights
  A deep elf pyromancer (Bailey)
  7 orc sorcerers
  3 will-o-the-wisps
  13 wolf spiders
  A manticore (D:11)
  2 cyclopes
  11 black mambas
  Maurice (D:10)
  A guardian serpent (Lair:5)
  Maggie (D:6)
  5 torpor snails
  A gargoyle (D:7)
  7 rime drakes
  12 komodo dragons
  Psyche (D:11)
  15 cane toads
  9 trolls
  A polar bear (Lair:4)
  4 tyrant leeches (Swamp:1)
  A bloated husk (Swamp:1)
  18 tarantellas
  8 hornets
  2 dream sheep (D:10)
  8 blink frogs
  3 shadows
  13 culicivoras
  24 jumping spiders
  16 wyverns
  A wraith (D:12)
  8 basilisks
  15 yaks
  Eustachio (D:4)
  34 redbacks
  7 vampire mosquitoes
  Edmund (D:4)
  10 wargs
  3 acid dragons
  22 water moccasins
  9 swamp worms
  Duvessa (D:4)
  2 swamp drakes (Lair:5)
  A sky beast (D:8)
  49 orc warriors
  7 black bears
  2 ice beasts
  17 ogres
  15 wolves
  11 centaurs
  2 phantoms
  10 bullfrogs
  4 scorpions
  22 wights
  Dowan (D:4)
  6 killer bees (D:10)
  4 howler monkeys
  A crimson imp (D:9)
  2 quasits (D:4)
  2 jellies
  30 orc priests
  A gnoll bouda (D:6)
  3 hounds
  11 iguanas
  6 hell rats (Lair:4)
  19 orc wizards
  Ijyb (D:3)
  Natasha (twice) (D:2)
  A sleepcap (D:8)
  Robin (D:3)
  8 adders
  14 gnolls
  4 shadow imps (D:4)
  3 white imps
  5 ufetubi
  A worm (D:3)
  5 dart slugs
  102 orcs
  7 bats
  4 endoplasms
  4 giant cockroaches
  17 goblins
  8 hobgoblins
  4 jackals (D:1)
  5 kobolds
  10 quokkas
  9 ball pythons
  2 frilled lizards (D:1)
  8 rats
  A butterfly (Lair:1)
835 creatures vanquished.

Vanquished Creatures (collateral kills)
  A spriggan (Swamp:1)
  10 foxfires
11 creatures vanquished.

Vanquished Creatures (others)
  2129 foxfires
2129 creatures vanquished.

Grand Total: 2975 creatures vanquished

Notes
Turn   | Place    | Note
-------+----------+-------------------------------------------
     0 | D:1      | Conn the Octopode Fire Elementalist began the quest for the
                  | Orb.
     0 | D:1      | Reached XP level 1. HP: 11/11 MP: 3/3
   175 | D:1      | Reached XP level 2. HP: 16/17 MP: 5/5
   185 | D:1      | Learned a level 2 spell: Scorch
   507 | D:1      | Reached XP level 3. HP: 17/21 MP: 6/6
   511 | D:1      | Learned a level 3 spell: Inner Flame
   570 | D:1      | Found a faded altar of an unknown god.
  1303 | D:2      | Reached XP level 4. HP: 27/27 MP: 5/7
  1823 | D:3      | Noticed Ijyb
  1840 | D:2      | Reached XP level 5. HP: 31/31 MP: 4/9
  1895 | D:3      | Found a shimmering altar of Xom.
  1898 | D:3      | Noticed Natasha
  1919 | D:3      | Noticed Robin
  1967 | D:2      | Killed Natasha
  2013 | D:3      | Killed Robin
  2074 | D:2      | Noticed Natasha
  2162 | D:2      | Killed Natasha
  2528 | D:3      | Found Kepeysm's Antique Armour Shoppe.
  2579 | D:3      | Reached XP level 6. HP: 36/36 MP: 4/10
  2619 | D:3      | Learned a level 4 spell: Flame Wave
  2758 | D:4      | Noticed Edmund
  2763 | D:4      | Reached skill level 1 in Hexes
  2766 | D:4      | Noticed Dowan
  2767 | D:4      | Noticed Duvessa
  2782 | D:3      | Killed Ijyb
  3129 | D:4      | Reached XP level 7. HP: 41/41 MP: 8/12
  3154 | D:4      | Found an opulent altar of Gozag.
  3156 | D:4      | Found a white marble altar of Elyvilon.
  3314 | D:4      | Killed Duvessa
  3319 | D:4      | Killed Dowan
  3320 | D:4      | Reached XP level 8. HP: 46/46 MP: 4/14
  3331 | D:4      | Killed Edmund
  3694 | D:4      | Noticed Eustachio
  3700 | D:4      | Killed Eustachio
  3797 | D:4      | Learned a level 3 spell: Mephitic Cloud
  3801 | D:4      | Learned a level 3 spell: Ozocubu's Armour
  3974 | D:5      | Entered Level 5 of the Dungeon
  3979 | D:5      | Reached skill level 5 in Spellcasting
  3979 | D:5      | Reached skill level 5 in Conjurations
  4112 | D:5      | Reached skill level 5 in Fire Magic
  4112 | D:5      | Reached skill level 1 in Ice Magic
  4112 | D:5      | Reached skill level 1 in Air Magic
  4112 | D:5      | Reached skill level 1 in Poison Magic
  4434 | D:5      | Found Reggoaq's Assorted Antiques.
  4442 | D:5      | Bought a scroll labelled FIAHEI TATIE for 28 gold pieces
  4442 | D:5      | Bought a dark potion for 25 gold pieces
  4442 | D:5      | Bought a murky blue potion for 25 gold pieces
  4625 | D:5      | Reached XP level 9. HP: 51/51 MP: 14/17
  5040 | D:5      | Found Fareis's Jewellery Shoppe.
  5164 | D:6      | Noticed Maggie
  5171 | D:6      | Killed Maggie
  5392 | D:6      | Found a staircase to the Ecumenical Temple.
  5398 | Temple   | Entered the Ecumenical Temple
  5418 | Temple   | Became a worshipper of Sif Muna the Loreminder
  5566 | D:6      | Reached skill level 5 in Dodging
  5640 | D:6      | Learned a level 3 spell: Call Canine Familiar
  5694 | D:6      | Reached skill level 1 in Invocations
  6017 | D:7      | Noticed a gargoyle
  6040 | D:7      | Killed a gargoyle
  6041 | D:7      | Reached skill level 1 in Fighting
  6041 | D:7      | Reached skill level 1 in Summonings
  6202 | D:7      | Reached XP level 10. HP: 59/59 MP: 15/19
  7046 | D:8      | Reached * piety under Sif Muna
  7407 | D:8      | Found Biosh's Serpentskin Sales.
  7461 | D:8      | Found a snail-covered altar of Cheibriados.
  7576 | D:5      | Bought a ring of protection from cold for 250 gold pieces
  7830 | D:8      | Identified the ring "Kaunwil" {Ice rPois Str+3 Int-4}
  8430 | D:9      | Reached ** piety under Sif Muna
  8814 | D:10     | Entered Level 10 of the Dungeon
  8882 | D:10     | Reached XP level 11. HP: 33/67 MP: 6/21
  8883 | D:10     | Reached skill level 5 in Invocations
  8916 | D:10     | Noticed Maurice
  8927 | D:10     | Something stole the ring "Kaunwil" {Ice rPois Str+3 Int-4}
  8928 | D:10     | Killed Maurice
  9014 | D:10     | Found a staircase to the Lair.
  9077 | D:10     | Noticed a two-headed ogre
  9082 | D:10     | Killed a two-headed ogre
  9120 | D:10     | Found a flagged portal.
  9135 | Bailey   | Entered a bailey
  9174 | Bailey   | Noticed an orc knight
  9197 | Bailey   | Killed an orc knight
  9290 | Bailey   | Found a large runed translucent door.
  9290 | Bailey   | Found a large runed translucent door.
  9293 | Bailey   | Noticed a deep elf pyromancer
  9377 | Bailey   | Killed a deep elf pyromancer
  9413 | Bailey   | Got a curling book
  9642 | D:10     | Reached *** piety under Sif Muna
  9707 | D:10     | Reached skill level 5 in Air Magic
  9718 | D:10     | Reached skill level 5 in Ice Magic
  9753 | D:10     | Found the +5 robe of Night {Dark Will+ SInv}
 10068 | Lair:1   | Entered Level 1 of the Lair of Beasts
 10350 | Lair:1   | Noticed a boulder beetle
 10401 | Lair:1   | Killed a boulder beetle
 10635 | Lair:1   | Noticed Urug
 10646 | Lair:1   | Killed Urug
 10647 | Lair:1   | Reached XP level 12. HP: 75/75 MP: 6/24
 10938 | Lair:1   | Found the +5 Force Lance {heavy, knockback}
 11267 | Lair:2   | Noticed Sonja
 11271 | Lair:2   | Killed Sonja
 11552 | Lair:2   | Noticed a death yak
 11557 | Lair:2   | Noticed a death yak
 11594 | Lair:2   | HP: 3/75 [death yak[a torpor snail] (18)]
 11598 | Lair:2   | Killed a death yak
 11687 | Lair:2   | Killed a death yak
 12271 | Lair:2   | Reached skill level 5 in Fighting
 12325 | Lair:2   | Found a staircase to the Swamp.
 12690 | Lair:2   | Found a hole to the Spider Nest.
 13025 | Lair:3   | Reached **** piety under Sif Muna
 13316 | Lair:3   | Noticed a skyshark
 13323 | Lair:3   | Killed a skyshark
 13509 | Lair:3   | Reached XP level 13. HP: 82/82 MP: 21/26
 15423 | Lair:5   | Entered Level 5 of the Lair of Beasts
 16005 | Lair:5   | Found a runed translucent door.
 16006 | Lair:5   | Noticed an acid blob
 16015 | Lair:5   | HP: 2/83 [five-headed hydra (14)]
 16017 | Lair:5   | Reached skill level 10 in Spellcasting
 16268 | Lair:5   | Reached ***** piety under Sif Muna
 16285 | Lair:5   | Identified Quubb's Almanac of the Gang and Intoxication
                  | (Sif Muna gifted it to you on level 5 of the Lair of
                  | Beasts)
 16285 | Lair:5   | Received a gift from Sif Muna
 16437 | Lair:5   | Noticed an acid blob
 16446 | Lair:5   | Learned a level 6 spell: Starburst
 16452 | Lair:5   | Learned a level 5 spell: Freezing Cloud
 16452 | Lair:5   | Found a staircase to the Slime Pits.
 16689 | Lair:5   | Reached skill level 10 in Invocations
 16723 | Lair:5   | Reached skill level 1 in Staves
 16800 | Lair:5   | Identified the +9 long sword of the Sky {heavy, Will+ rCorr
                  | Str+3 Int-2}
 16899 | Lair:5   | Reached XP level 14. HP: 90/90 MP: 23/28
 18231 | Lair:5   | Killed an acid blob
 18235 | Lair:5   | Killed an acid blob
 18911 | D:11     | Noticed Psyche
 18918 | D:11     | Killed Psyche
 19165 | D:11     | Found a staircase to the Orcish Mines.
 19175 | Orc:1    | Entered Level 1 of the Orcish Mines
 19184 | Orc:1    | Noticed Jorgrun
 19721 | D:12     | Identified the +8 sling of a Thousand Allies {elec, *Slow
                  | rC+ Dex+4}
 20480 | D:13     | Identified Sif Muna's Notes on Momentum and the Wyrd (Sif
                  | Muna gifted it to you on level 13 of the Dungeon)
 20480 | D:13     | Received a gift from Sif Muna
 20986 | Orc:1    | Killed Jorgrun
 21468 | Orc:2    | Entered Level 2 of the Orcish Mines
 21825 | Orc:2    | Noticed an orc warlord
 22385 | Orc:2    | Found Moukulij's Antique Weapon Shoppe.
 22395 | Orc:2    | Bought a bloodstained quarterstaff for 315 gold pieces
 22395 | Orc:2    | Identified the +8 quarterstaff of Karma {heavy, Str+5} (You
                  | bought it in a shop on level 2 of the Orcish Mines)
 22402 | Orc:2    | Found Yra Biteg's Weapon Emporium.
 22409 | Orc:2    | Reached skill level 1 in Shields
 22508 | Orc:2    | Reached XP level 15. HP: 73/97 MP: 21/30
 22991 | Orc:2    | Identified the +3 leather armour of the Vaults {rPois}
 23086 | Orc:2    | Killed an orc warlord
 23273 | Orc:2    | Found a staircase to the Elven Halls.
 23526 | Orc:2    | Noticed an orc warlord
 23548 | Orc:2    | Killed an orc warlord
 23548 | Orc:2    | Identified Sif Muna's Writings on the Discontinuous
                  | Comitatus (Sif Muna gifted it to you on level 2 of the
                  | Orcish Mines)
 23548 | Orc:2    | Received a gift from Sif Muna
 24137 | Orc:2    | Found Giusipy's Book Emporium.
 24252 | Orc:2    | Reached skill level 10 in Conjurations
 24309 | Orc:2    | Found Suocrem's Antique Weapon Shop.
 24437 | Orc:2    | Bought Sif Muna's Disquisition on Ghastly Firn for 552 gold
                  | pieces
 24441 | Orc:2    | Learned a level 3 spell: Hailstorm
 24441 | Orc:2    | Bought a book of Annihilations for 720 gold pieces
 24506 | Orc:1    | Noticed an orc warlord
 24693 | Orc:1    | Killed an orc warlord
 25211 | Swamp:1  | Entered Level 1 of the Swamp
 25294 | Swamp:1  | Gained mutation: You expend magic power (3 MP) to
                  | strengthen your wands. [potion of mutation]
 25294 | Swamp:1  | Gained mutation: You occasionally lose the ability to read
                  | scrolls when taking damage. [potion of mutation]
 25295 | Swamp:1  | Lost mutation: You expend magic power (3 MP) to strengthen
                  | your wands. [potion of mutation]
 25295 | Swamp:1  | Lost mutation: You occasionally lose the ability to read
                  | scrolls when taking damage. [potion of mutation]
 25295 | Swamp:1  | Gained mutation: You are somewhat resistant to further
                  | mutation. [potion of mutation]
 25295 | Swamp:1  | Gained mutation: You are strong-willed. (Will+) [potion of
                  | mutation]
 25296 | Swamp:1  | Lost mutation: You are strong-willed. (Will+) [potion of
                  | mutation]
 25296 | Swamp:1  | Lost mutation: You are somewhat resistant to further
                  | mutation. [potion of mutation]
 25296 | Swamp:1  | Gained mutation: Your natural rate of healing is unusually
                  | fast. [potion of mutation]
 25296 | Swamp:1  | Gained mutation: You are robust. (+10% HP) [potion of
                  | mutation]
 25440 | Swamp:1  | Reached skill level 10 in Fire Magic
 25562 | Swamp:1  | Identified the +0 robe "Ciarob" {rC+ rCorr Dex+3 Slay-4}
 26155 | Swamp:2  | HP: 3/108 [alligator (8)]
 26164 | Swamp:2  | Noticed a thorn hunter
 26301 | Swamp:2  | Noticed Muah's ghost (adept TeSh)
 26302 | Swamp:2  | Found a runed translucent door.
 26409 | Swamp:2  | Killed Muah's ghost
 26427 | Swamp:2  | Got an ancient book
 26588 | Swamp:2  | Killed a thorn hunter
 27026 | Swamp:2  | Reached XP level 16. HP: 78/115 MP: 8/32
 27158 | Spider:1 | Entered Level 1 of the Spider Nest
 27881 | Spider:1 | Identified Sif Muna's Omnibus of Hot Thunder (Sif Muna
                  | gifted it to you on level 1 of the Spider Nest)
 27881 | Spider:1 | Received a gift from Sif Muna
 27894 | Spider:1 | Learned a level 5 spell: Fireball
 27980 | Spider:1 | Reached skill level 5 in Hexes
 28248 | Spider:2 | Reached skill level 5 in Staves
 29118 | Spider:2 | HP: 4/112 [jorogumo/bolt of negative energy (26)]
 30296 | Spider:2 | Slain by a wolf spider

Illustrated notes

Levels and vault maps discovered:
D:1:      lemuel_arrival_lava_pool, layout_basic,
          chequers_ecumenical_altar_twisty
D:2:      layout_loops_ring
D:3:      layout_basic, mainiacjoe_overflow_concentric_impassable, serial_shops,
          nicolae_shop_pleasant_corner_grove, minmay_shallow_snake_nest,
          uniq_robin, uniq_ijyb, uniq_natasha
D:4:      layout_loops_cross, grunt_temple_overflow_open, serial_demonic,
          serial_demonic_a, serial_demonic_e, serial_demonic_a,
          serial_demonic_b, serial_demonic_d, serial_demonic_b,
          serial_demonic_f, serial_demonic_d, uniq_eustachio, uniq_edmund,
          uniq_duvessa
D:5:      layout_loops_corners, serial_shops, nicolae_lakefront_shop,
          nicolae_shop_real_fake_doors, nicolae_figureground_sparkle
D:6:      layout_basic, temple_green, minivault_26, hangedman_decor_push,
          uniq_maggie
D:7:      layout_layer_cave
D:8:      layout_gridville, cheibriados_altar_1, guppyfry_shop_venom
D:9:      layout_loops_ring, minivault_21, minmay_fire_ice_demons
D:10:     layout_long_grid, due_lair_maze_entry_diamond, enter_bailey_5,
          hellmonk_guarded_unrand_night, uniq_maurice
D:11:     layout_roguey, orc_0_dummy, uniq_psyche
D:12:     layout_grid_maze, serial_rivers, chequers_serial_rivers_micro_a,
          chequers_serial_rivers_room_b, chequers_serial_rivers_small_3,
          chequers_serial_rivers_large_a
D:13:     layout_cave_pools, fungi_pond_lemuel
Temple:   hc_temple_tempest_star
Lair:1:   layout_misc_corridors, lemuel_fruit_tree, lemuel_fruit_fields,
          lemuel_fruit_fields, uniq_urug
Lair:2:   layout_cave_pods, minmay_swamp_entry_reptiles,
          nicolae_spider_entry_tight_spaces, minivault_27, uniq_sonja
Lair:3:   layout_cave_pods
Lair:4:   layout_gridlike
Lair:5:   hangedman_lair_tendril_chambers, layout_big_grid,
          guppyfry_lair_end_dragon, slime_entry_2,
          chequers_serial_rivers_micro_d, serial_bayou_shore_b
Swamp:1:  layout_basic_swamp, nicolae_swamp_dense_foliage
Swamp:2:  layout_falls_marsh, gammafunk_ghost_grave, hangedman_swamp_pad
Swamp:3:  nicolae_swamp_long_stream, layout_basic_swamp,
          evilmike_swamp_ruin_house_6, swamp_pool3
Spider:1: nicolae_spider_obnoxious_hallway, hangedman_spider_tarantella_strand
Spider:2: layout_chambers, nicolae_spider_world_wide_web
Spider:3: layout_chambers, nicolae_arachne_temple
Orc:1:    layout_caves, guppyfry_library_mini, uniq_jorgrun
Orc:2:    pubby_orc_utopia, serial_shops

Skill      XL: |  1  2  3  4  5  6  7  8  9 10 11 12 13 14 15 16 |
---------------+-------------------------------------------------+-----
Stealth        | 3 4 |  4.1
Conjurations   | 2 3 4 5 6 7 8 9 10 11 | 11.8
Spellcasting   | 3 4 5 6 7 8 9 10 11 12 | 12.8
Dodging        | 3 4 5 6 7 8 9 |  9.6
Hexes          | 1 2 3 4 5 |  5.0
Fire Magic     | 4 5 6 7 8 9 10 11 | 11.6
Ice Magic      | 2 3 4 5 6 7 |  7.0
Air Magic      | 2 3 4 5 6 7 |  7.0
Poison Magic   | 1 3 |  3.0
Invocations    | 2 4 6 8 10 11 12 | 12.0
Fighting       | 1 3 4 5 6 7 8 9 |  9.1
Summonings     | 1 2 3 |  3.0
Staves         | 1 3 4 5 |  5.0
Shields        | 1 3 |  3.6

Action                     |  1- 3 |  4- 6 |  7- 9 | 10-12 | 13-15 | 16-18 || total
---------------------------+-------+-------+-------+-------+-------+-------++-------
  Melee: Short sword       |    25 |    10 |       |       |       |       ||    35
         Constrict         |     6 |     4 |     6 |     3 |    11 |     2 ||    32
         Tentacles         |     5 |     2 |    11 |     5 |    11 |       ||    34
         Punch             |       |     2 |       |       |     1 |       ||     3
         Dagger            |       |     2 |     2 |       |       |       ||     4
         Mace              |       |       |    26 |       |       |       ||    26
         Staff             |       |       |     1 |    11 |    31 |     4 ||    47
         Long sword        |       |       |       |       |     1 |       ||     1
  Throw: Dart              |       |       |       |     3 |     8 |     2 ||    13
   Cast: Foxfire           |    45 |    87 |   106 |   303 |   579 |    95 ||  1215
         Scorch            |     1 |    44 |    48 |   106 |   221 |    64 ||   484
         Inner Flame       |       |     3 |    11 |    38 |    74 |    17 ||   143
         Flame Wave        |       |       |     8 |    52 |   111 |    25 ||   196
         Ozocubu's Armour  |       |       |     2 |     2 |    11 |     2 ||    17
         Mephitic Cloud    |       |       |     1 |    15 |    31 |    12 ||    59
         Call Canine Famil |       |       |       |     7 |    16 |       ||    23
         Freezing Cloud    |       |       |       |       |    11 |     2 ||    13
         Discord           |       |       |       |       |     1 |       ||     1
         Starburst         |       |       |       |       |    23 |    70 ||    93
         Hailstorm         |       |       |       |       |     2 |     1 ||     3
         Fireball          |       |       |       |       |       |     7 ||     7
 Invoke: Channel Magic     |       |       |       |     2 |     5 |     5 ||    12
         Divine Exegesis   |       |       |       |       |     1 |       ||     1
  Evoke: Wand              |       |       |     1 |       |    10 |     2 ||    13
    Use: Scroll            |       |       |    11 |    10 |    12 |     3 ||    36
         Potion            |       |       |     9 |     1 |    10 |     5 ||    25
   Stab: Sleeping          |     3 |     5 |     2 |     1 |     1 |       ||    12
         Distracted        |       |       |       |       |     1 |       ||     1
         Confused          |       |       |       |       |     1 |       ||     1
 Armour: Skin              |    13 |    31 |    48 |    84 |   220 |   115 ||   511
  Dodge: Dodged            |    20 |    30 |    74 |    98 |   243 |   104 ||   569

Table legend: (Time is in decaauts)
 A = Elapsed time spent in this place.
 B = Non-inter-level travel time spent in this place.
 C = Inter-level travel time spent in this place.
 D = Time resting spent in this place.
 E = Time spent auto-exploring this place.
 F = Levels seen in this place.
 G = Mean time per level.
                   A        B        C        D        E       F      G
               +--------+--------+--------+--------+--------+-----+--------+
         Total |  30313 |  29315 |    998 |   4150 |  17072 |  28 | 1082.6 |
       Dungeon |  12272 |  11728 |    544 |   1585 |   6890 |  13 |  944.0 |
        Temple |     40 |     20 |     20 |      0 |      0 |   1 |   40.0 |
          Lair |   8557 |   8342 |    215 |   1444 |   5007 |   5 | 1711.4 |
         Swamp |   1902 |   1802 |    100 |    189 |   1016 |   3 |  634.0 |
   Spider Nest |   3146 |   3094 |     52 |    364 |   1940 |   3 | 1048.7 |
  Orcish Mines |   4053 |   3988 |     65 |    550 |   2128 |   2 | 2026.5 |
        Bailey |    339 |    339 |      0 |     17 |     90 |   1 |  339.0 |
               +--------+--------+--------+--------+--------+-----+--------+

Top non-repeatable levels by time:
   Orc:2: 2816 daAuts
  Lair:5: 2464 daAuts
Spider:2: 1902 daAuts
  Lair:2: 1853 daAuts
  Lair:4: 1521 daAuts
  Lair:3: 1506 daAuts
     D:5: 1329 daAuts
   Orc:1: 1236 daAuts
    D:12: 1217 daAuts
  Lair:1: 1211 daAuts
Spider:1: 1169 daAuts
     D:7: 1151 daAuts
    D:11: 1129 daAuts
     D:1: 1097 daAuts
     D:2: 1086 daAuts
